 Dungeon Crawl Stone Soup version 0.19.4-9-g45fd643 (webtiles) character file.

67 Feta the Firebug (level 4, 0/24 HPs)
             Began as a Tengu Fire Elementalist on Feb 21, 2017.
             Succumbed to Robin's poison
             ... on level 2 of the Dungeon.
             The game lasted 00:06:40 (1449 turns).

Feta the Firebug (Tengu Fire Elementalist)          Turns: 1449, Time: 00:06:41

Health: 0/24       AC:  2    Str:  8    XL:     4   Next: 16%
Magic:  5/8        EV: 13    Int: 16    God:
Gold:   62         SH:  0    Dex: 15    Spells: 1 memorised, 7 levels left

rFire  . . .     SeeInvis .     k - +1 short sword (venom)
rCold  . . .     Gourm    .     a - +0 robe
rNeg   . . .     Faith    .     (no shield)
rPois  .         Spirit   .     (helmet restricted)
rElec  .         Reflect  .     (no cloak)
rCorr  .         Harm     .     (no gloves)
MR     .....                    (boots unavailable)
Stlth  ++........               f - amulet of rage
                                (no ring)
                                (no ring)

@: lethally poisoned (0 -> -3)
A: beak, talons 3
a: Evoke Berserk Rage


You were on level 2 of the Dungeon.
You were completely stuffed.

You visited 1 branch of the dungeon, and saw 2 of its levels.

You collected 62 gold pieces.

Inventory:

Hand Weapons
 k - a +1 short sword of venom (weapon)
 l - a +0 mace
 m - a +0 spear
Missiles
 g - 124 stones (quivered)
 h - 15 arrows
Armour
 a - a +0 robe (worn)
Jewellery
 f - an amulet of rage (around neck)
Scrolls
 e - 4 scrolls of remove curse
Books
 b - a book of Flames

   Spells                             Type                      Level
   a - Flame Tongue                   Conjuration/Fire             1
   b - Throw Flame                    Conjuration/Fire             2
   c - Conjure Flame                  Conjuration/Fire             3
   d - Inner Flame                    Hexes/Fire                   3
   e - Sticky Flame                   Conjuration/Fire             4
   f - Fireball                       Conjuration/Fire             5
Comestibles
 c - 2 bread rations
 d - 4 fruits
 n - a meat ration


   Skills:
 + Level 2.8 Dodging
 - Level 2.0 Stealth
 + Level 2.5 Spellcasting
 + Level 1.8 Conjurations
 + Level 4.4 Fire Magic


You had 7 spell levels left.
You knew the following spells:

 Your Spells              Type           Power        Failure   Level  Hunger
a - Flame Tongue          Conj/Fire      ##...        8%          1    #......


Dungeon Overview and Level Annotations

Branches:
Dungeon (2/15)

Altars:


Innate Abilities, Weirdness & Mutations

You have a beak for a mouth.
You have claws for feet.


Message History

As you read the scroll labeled QAYRIC UHUGRI, it crumbles to dust.
You hear the distant roaring of an enraged eggplant.
It was a scroll of random uselessness.
As you read the scroll labeled TUNO VU DERARI, it crumbles to dust.
You feel blessed for a moment.
It was a scroll of remove curse.
* * * LOW HITPOINT WARNING * * *
You feel sick.
Unknown command.
You aren't carrying any potions.
You start eating one of the 2 meat rations.
You continue eating. x2
You finish eating.
That meat ration really hit the spot!
You start eating one of the 3 bread rations.
Keep eating?
* * * LOW HITPOINT WARNING * * *
You feel sick.
You continue eating. x2
You finish eating.
That bread ration really hit the spot!
There is a lethal amount of poison in your body!
You die...

###..g.## ##.#####.##
###.....(.# #...# #.#
...$..g...# #..... #.#
###..[g...####...... #.#
###...###.<....... ....
###...# #)##...... #.#.
..##.## #.###..... ..# .
#.##.####รท### ...# gg
#.##.#.@....# ...
..#g####.##.#.##.#.####.#
.........##g#.##........#
#.g.gg..g.#.##........#
#.####.####.##........#
#................#
#..###.###.......#
#.####..# #.# #.......#
........###.###.......#


There were no monsters in sight!

Vanquished Creatures
  Robin (D:1)
  A gnoll (D:1)
  A worm (D:2)
  A dart slug (D:2)
  3 leopard geckos
  6 bats
  A giant cockroach (D:2)
  7 goblins
  6 hobgoblins
  2 kobolds (D:1)
  2 ball pythons
  3 frilled lizards
  4 rats
38 creatures vanquished.

Notes
Turn   | Place    | Note
-------+----------+-------------------------------------------
     0 | D:1      | Feta the Tengu Fire Elementalist began the quest for the Orb.
     0 | D:1      | Reached XP level 1. HP: 10/10 MP: 4/4
   116 | D:1      | Reached XP level 2. HP: 8/15 MP: 3/6
   626 | D:1      | Reached skill level 4 in Fire Magic
   626 | D:1      | Reached XP level 3. HP: 8/19 MP: 1/7
   978 | D:2      | Noticed Robin
  1419 | D:1      | Killed Robin
  1419 | D:1      | Reached XP level 4. HP: 12/24 MP: 2/8
  1445 | D:2      | HP: 1/24 [poisoned by Robin]
  1449 | D:2      | Succumbed to Robin's poison

Skill      XL: |  1  2 |
---------------+-------+-----
Fire Magic     | 4 |  4.4
Dodging        | |  2.8
Stealth        | |  2.0
Spellcasting   | |  2.5
Conjurations   | |  1.8

Action                   |  1- 3 |  4- 6 || total
-------------------------+-------+-------++-------
Melee: Unarmed           |    12 |       ||    12
       Kick              |     9 |     1 ||    10
       Club              |    14 |       ||    14
       Peck              |     5 |     1 ||     6
       Mace              |     1 |       ||     1
       Spear             |    41 |       ||    41
       Short sword       |       |     4 ||     4
 Cast: Flame Tongue      |    46 |     1 ||    47
  Use: Scroll            |       |     3 ||     3
       Potion            |       |     1 ||     1
 Stab: Sleeping          |     4 |       ||     4
       Distracted        |     1 |       ||     1
  Eat: Chunk             |     2 |       ||     2
       Meat ration       |       |     1 ||     1
       Bread ration      |       |     1 ||     1
Armor: Robe              |    28 |       ||    28
Dodge: Dodged            |    62 |     3 ||    65
